 Dungeon Crawl Stone Soup version 0.29-a0-559-g359e09b9d1 (webtiles) character file.

Game seed: 5522764671310453661

879 zeratav the Tainter (level 8, 0/46 HPs)
             Began as an Octopode Venom Mage on June 9, 2022.
             Slain by an ice beast (4 damage)
             ... on level 5 of the Dungeon on June 10, 2022.
             The game lasted 00:10:33 (6258 turns).

zeratav the Tainter (Octopode Venom Mage)           Turns: 6258, Time: 00:10:34

Health: 0/46       AC:  1    Str:  7    XL:     8   Next: 5%
Magic:  24/24      EV: 13    Int: 20    God:
Gold:   329        SH:  0    Dex: 12    Spells: 11/16 levels left

rFire   . . .      SeeInvis .   d - +2 dagger (venom) {short}
rCold   . . .      Faith    .   (no shield)
rNeg    . . .      Spirit   .   (helmet restricted)
rPois   .          Reflect  .   (no amulet)
rElec   .          Harm     .   o - ring of magical power
rCorr   .          Rampage  .   (no ring)
Will    .....                   (no ring)
Stlth   ++++......              (no ring)
HPRegen 0.15/turn               (no ring)
MPRegen 0.19/turn               (no ring)
                                (no ring)
                                (no ring)

@: unable to read
A: almost no armour, amphibious, 8 rings, camouflage 1, gelatinous body 1,
(nimble swimmer 1), tentacles, inability to read while threatened, MP-powered
wands
a: no special abilities


You were on level 5 of the Dungeon.
You visited 1 branch of the dungeon, and saw 5 of its levels.
You also visited: Sewer.

You collected 329 gold pieces.


Innate Abilities, Weirdness & Mutations

You cannot wear most types of armour.
You are amphibious.
You can wear up to eight rings at the same time.
Your skin changes colour to match your surroundings (Stealth+).
Your rubbery body absorbs attacks. (AC +1, EV +1)
((You are camouflaged when in or above water. (Stealth+)))
You have tentacles for arms and can constrict up to eight enemies at once.
You sometimes lose the ability to read scrolls when taking damage.
You expend magic power (3 MP) to strengthen your wands.


   Skills:
 - Level 2.0 Dodging
 - Level 5.0 Stealth
 + Level 4.9 Spellcasting
 - Level 1.0 Transmutations
 * Level 8.8 Poison Magic


You had 11 spell levels left.
You knew the following spells:

 Your Spells              Type           Power      Damage    Failure   Level
a - Sting                 Tmut/Pois      96%        1d7       1%          1
b - Olgreb's Toxic Radia  Pois           40%        N/A       3%          4

Your spell library contained the following spells:

 Spells                   Type           Power      Damage    Failure   Level
 Poisonous Vapours        Pois/Air       44%        N/A       3%          2
 Mephitic Cloud           Conj/Pois/Air  16%        N/A       11%         3
 Scorch                   Fire           8%         2d5       19%         2
 Tukima's Dance           Hex            4%         N/A       34%         3
 Flame Wave               Conj/Fire      4%         2d5       75%         4
 Passage of Golubria      Tloc           4%         N/A       75%         4
 Yara's Violent Unravell  Hex/Tmut       3%         3d4       95%         5
 Summon Cactus Giant      Summ           2%         N/A       100%        6

Inventory:

Hand Weapons
 d - a +2 dagger of venom (weapon) {short}
   (You took it off an orc wizard on level 4 of the Dungeon)
Jewellery
 o - a ring of magical power (left tentacle)
   (You found it on level 3 of the Dungeon)
Wands
 n - a wand of polymorph (13)
   (You took it off Grinder on level 3 of the Dungeon)
 r - a wand of flame (8)
   (You took it off Natasha on level 3 of the Dungeon)
Scrolls
 b - 2 scrolls of fear {unknown}
 c - a scroll of magic mapping {unknown}
 e - 2 scrolls of noise {unknown}
 f - a scroll of blinking {unknown}
 g - 2 scrolls of teleportation {unknown}
 h - 2 scrolls of vulnerability {unknown}
 j - a scroll of enchant weapon {unknown}
 p - 5 scrolls of identify {unknown}
 q - a scroll of immolation {unknown}
 s - a scroll of poison {unknown}
Potions
 a - a potion of magic
 i - a potion of attraction {unknown}
 k - a potion of curing {@q1}
 l - 3 potions of haste {unknown}
 m - 2 potions of might {unknown}

Dungeon Overview and Level Annotations

Branches:
Dungeon (5/15)              Sewer (visited)
 Temple: D:4-7

Altars:

Shops:
D:4

= #.. #..# #..# ##
#..# #..# ########
...###..# #......#
##(#....# #......#
.###.####......#
#...........###
#######.......#
.#########.......#
.......@Y.$......#
...#######.......#
.........
..........
...........
............
.............
.............#


You could see an ice beast.


Message History

Press: ? - help, Shift-Dir - straight line, f/p - jelly
Aim: a jelly (severely wounded, very poisoned, 100% to hit)
The sting hits the jelly.
The jelly partially resists.
The jelly hits you.
You are splashed with acid!
The giant cockroach misses you.
HP[-10]
You take 10 damage, and now have 31/46 hp.
MASSIVE DAMAGE!! (PAUSE)
You hit the jelly but do no damage.
Your tentacles burn!
You feel threatened and lose the ability to read scrolls!
You can read scrolls again.
You kill the jelly!
The giant cockroach bites you. The giant cockroach barely misses you.
HP[-6]
You take 6 damage, and now have 25/46 hp.
You barely miss the giant cockroach. Your grab misses the giant cockroach.
The giant cockroach misses you.
You closely miss the giant cockroach. You grab the giant cockroach.
You constrict the giant cockroach. The giant cockroach bites you.
* * * LOW HITPOINT WARNING * * *
HP[-2]
You take 2 damage, and now have 23/46 hp.
You hit the giant cockroach but do no damage.
The giant cockroach is poisoned.
You squeeze the giant cockroach. You constrict the giant cockroach.
You kill the giant cockroach!
HP[+1]
You start resting.
You are no longer corroded.
HP[+1] MP[+2]
You regained 2 mp, and now have 22/24 mp.
Found a stone staircase leading up.
HP[+21] MP[+2]
Your hp is fully restored (46).
Your mp is fully restored (24).
You now have 312 gold pieces (gained 9).
You see here 28 stones {throwing}.
There is a stone staircase leading up here.
There is a stone staircase leading up here.
You see here 28 stones {throwing}.
Done exploring.
Done exploring.
(D) Dungeon
Where to? (Enter - D:4 @ (x,y), ? - help)
Things that are here:
a +0 whip {mace}; a +0 leather armour
There is a stone staircase leading down here.
You climb downwards.
Found a book of Scorching.
Found a stone staircase leading down.
There is a stone staircase leading up here.
You pick up a book of Scorching and begin reading...
You add the spells Scorch, Flame Wave and Summon Cactus Giant to your library.
There is a stone staircase leading down here.
You now have 321 gold pieces (gained 9).
You now have enough gold to buy a ring of willpower on D:4.
You can access your shopping list by pressing '$'.
You now have 329 gold pieces (gained 8).
Okay, then.
Found a stone staircase leading up.
Found a stone staircase leading down.
A dart slug comes into view.
The sting hits the dart slug!
The dart slug is poisoned.
You kill the dart slug!
MP[-1]
You lost 1 mp, and now have 23/24 mp.
You can't see any susceptible monsters within range! (Use Z to cast anyway.)
You can't see any susceptible monsters within range! (Use Z to cast anyway.)
An ice beast comes into view.
MP[+1]
Your mp is fully restored (24).
You see here 11 gold pieces.
You closely miss the ice beast. The ice beast hits you.
The ice beast freezes you!
HP[-18]
You take 18 damage, and now have 28/46 hp.
MASSIVE DAMAGE!! (PAUSE)
You closely miss the ice beast. The ice beast misses you.
You closely miss the ice beast.
You squeeze the ice beast, but do no damage.
The ice beast misses you.
You closely miss the ice beast.
Your tentacle-slap misses the ice beast.
The ice beast hits you. The ice beast freezes you!
You feel threatened and lose the ability to read scrolls!
* * * LOW HITPOINT WARNING * * *
HP[-15]
You take 15 damage, and now have 13/46 hp.
MASSIVE DAMAGE!! (PAUSE)
You barely miss the ice beast. The ice beast hits you.
* * * LOW HITPOINT WARNING * * *
The ice beast freezes you.
* * * LOW HITPOINT WARNING * * *
HP[-10]
You take 10 damage, and now have 3/46 hp.
MASSIVE DAMAGE!! (PAUSE)
You closely miss the ice beast. The ice beast closely misses you.
HP[+1]
You hit the ice beast. You squeeze the ice beast!
The ice beast closely misses you.
You hit the ice beast but do no damage. You squeeze the ice beast.
The ice beast hits you.
You die...

Skill      XL: |  1  2  3  4  5  6  7 |
---------------+----------------------+-----
Stealth        | 3 4 5 |  5.0
Poison Magic   | 4 5 6 7 8 |  8.8
Spellcasting   | 3 4 |  4.9
Dodging        | |  2.0
Transmutations | |  1.0

Action                   |  1- 3 |  4- 6 |  7- 9 || total
-------------------------+-------+-------+-------++-------
Melee: Club              |    46 |       |       ||    46
       Tentacles         |    15 |     1 |     7 ||    23
       Constrict         |    12 |     6 |     6 ||    24
       Short sword       |    17 |    17 |    11 ||    45
       Unarmed           |       |     3 |       ||     3
       Punch             |       |     1 |       ||     1
       Dagger            |       |       |    14 ||    14
 Cast: Sting             |    25 |    40 |    26 ||    91
       Olgreb's Toxic Ra |       |     4 |    14 ||    18
  Use: Potion            |     2 |       |     1 ||     3
 Stab: Sleeping          |     9 |     1 |       ||    10
Armor: Skin              |     7 |       |     3 ||    10
Dodge: Dodged            |    51 |    21 |    28 ||   100

Levels and vault maps discovered:
D:1:      dpeg_arrival_radiant, layout_basic, chequers_ecumenical_altar_simple,
          hex_intersection
D:2:      layout_loops_corners
D:3:      layout_loops_ring, gup_sewer_entry_bowl, uniq_grinder, uniq_natasha
D:4:      layout_rooms, serial_shops,
          nicolae_shop_temple_entry_statues_fountains
D:5:      layout_basic, uniq_menkaure

Notes
Turn   | Place    | Note
-------+----------+-------------------------------------------
     0 | D:1      | zeratav the Octopode Venom Mage began the quest for the
                  | Orb.
     0 | D:1      | Reached XP level 1. HP: 11/11 MP: 3/3
     0 | D:1      | magus.rc [v1.9.6]
   586 | D:1      | Reached skill level 3 in Stealth
   586 | D:1      | Reached skill level 4 in Poison Magic
   586 | D:1      | Reached XP level 2. HP: 17/17 MP: 5/5
  1007 | D:1      | Found a faded altar of an unknown god.
  1728 | D:2      | Reached XP level 3. HP: 16/21 MP: 6/6
  1924 | D:2      | HP: 5/21 [worm (4)]
  2165 | D:2      | HP: 3/21 [adder (4)]
  2167 | D:2      | Gained mutation: You sometimes lose the ability to read
                  | scrolls when taking damage. [potion of mutation]
  2167 | D:2      | Gained mutation: You expend magic power (3 MP) to
                  | strengthen your wands. [potion of mutation]
  2167 | D:2      | HP: 1/21 [poisoned by an adder]
  2717 | D:2      | Reached XP level 4. HP: 27/27 MP: 7/7
  2721 | D:2      | You add the spells Tukima's Dance, Passage of Golubria and
                  | Yara's Violent Unravelling to your library.
  3028 | D:3      | Reached skill level 5 in Poison Magic
  3099 | D:3      | Found a glowing drain.
  3107 | D:3      | Learned a level 4 spell: Olgreb's Toxic Radiance
  3108 | Sewer    | Entered a sewer
  3285 | Sewer    | Reached skill level 4 in Stealth
  3316 | Sewer    | Noticed Pargi
  3333 | Sewer    | Killed Pargi
  3334 | Sewer    | Reached skill level 3 in Spellcasting
  3334 | Sewer    | Reached XP level 5. HP: 23/31 MP: 0/9
  3490 | D:3      | Noticed Grinder
  3501 | D:3      | Killed Grinder
  3502 | D:3      | Reached skill level 5 in Stealth
  3502 | D:3      | Reached skill level 6 in Poison Magic
  3502 | D:3      | Reached XP level 6. HP: 25/36 MP: 4/11
  3855 | D:3      | Noticed Natasha
  3864 | D:3      | Killed Natasha
  3890 | D:3      | Noticed Natasha
  3894 | D:3      | HP: 6/36 [Natasha/puff of flame (5)]
  3895 | D:3      | Killed Natasha
  4155 | D:3      | Reached skill level 7 in Poison Magic
  4278 | D:3      | Noticed Natasha
  4283 | D:3      | Killed Natasha
  4284 | D:3      | Reached skill level 4 in Spellcasting
  4284 | D:3      | Reached XP level 7. HP: 17/41 MP: 9/13
  4928 | D:4      | HP: 7/41 [gnoll/+0 halberd (6)]
  4928 | D:4      | HP: 3/41 [scorpion (4)]
  4933 | D:4      | HP: 6/41 [poisoned by a scorpion]
  5313 | D:4      | Reached skill level 8 in Poison Magic
  5533 | D:4      | Found Taptivuw's Jewellery Boutique.
  5733 | D:4      | Reached XP level 8. HP: 36/46 MP: 15/15
  6178 | D:5      | Entered Level 5 of the Dungeon
  6180 | D:5      | You pick up a book of Scorching and begin reading...
  6180 | D:5      | You add the spells Scorch, Flame Wave and Summon Cactus
                  | Giant to your library.
  6255 | D:5      | HP: 9/46 [ice beast (4)]
  6255 | D:5      | HP: 3/46 [ice beast (6)]
  6258 | D:5      | Slain by an ice beast

Vanquished Creatures
  Grinder (D:3)
  Pargi (Sewer)
  4 scorpions (D:4)
  A hound (D:4)
  A jelly (D:4)
  An orc priest (D:4)
  Natasha (thrice) (D:3)
  An orc wizard (D:4)
  4 gnolls (D:4)
  6 adders
  A river rat (D:3)
  A worm (D:2)
  2 dart slugs
  5 orcs
  7 endoplasms
  7 giant cockroaches
  8 goblins
  5 hobgoblins
  2 jackals (D:4)
  3 quokkas
  4 ball pythons
  7 bats
  5 frilled lizards
  3 kobolds
  4 rats
87 creatures vanquished.

Table legend:
 A = Non-vault XP
 B = Vault XP
 C = Vault XP percentage of total XP
 D = Non-vault monster count
 E = Vault monster count
 F = Vault count percentage of total count
                 A         B        C        D         E       F
            +---------+---------+-------+---------+---------+-------
      Total |     788 |     469 |  37.3 |      75 |      12 |  13.8
            +---------+---------+-------+---------+---------+-------
        D:1 |      21 |       0 |   0.0 |      15 |       0 |   0.0
        D:2 |      61 |       0 |   0.0 |      21 |       0 |   0.0
        D:3 |     110 |     326 |  74.8 |       9 |       6 |  40.0
        D:4 |     592 |       0 |   0.0 |      29 |       0 |   0.0
        D:5 |       4 |       0 |   0.0 |       1 |       0 |   0.0
      Sewer |       0 |     143 | 100.0 |       0 |       6 | 100.0
            +---------+---------+-------+---------+---------+-------

Illustrated notes

Table legend:
 A = Kills in this place as a percentage of kills in entire the game.
 B = Kills by you in this place as a percentage of kills by you in the entire game.
 C = Kills by friends in this place as a percentage of kills by friends in the entire game.
 D = Other kills in this place as a percentage of other kills in the entire game.
 E = Experience gained in this place as a percentage of experience gained in the entire game.
 F = Experience gained in this place divided by the number of levels of this place that you have seen.
                   A       B       C       D       E      F
               +-------+-------+-------+-------+-------+----------------------
         Total | 100.0 | 100.0 |   N/A |   N/A | 100.0 | 209.5
       Dungeon |  93.1 |  93.1 |   N/A |   N/A |  88.6 | 222.8
         Sewer |   6.9 |   6.9 |   N/A |   N/A |  11.4 | 143.0
               +-------+-------+-------+-------+-------+----------------------

Table legend: (Time is in decaauts)
 A = Elapsed time spent in this place.
 B = Non-inter-level travel time spent in this place.
 C = Inter-level travel time spent in this place.
 D = Time resting spent in this place.
 E = Time spent auto-exploring this place.
 F = Levels seen in this place.
 G = Mean time per level.
                   A        B        C        D        E       F      G
               +--------+--------+--------+--------+--------+-----+--------+
         Total |   6281 |   6209 |     72 |   1646 |   3939 |   6 | 1046.8 |
       Dungeon |   5950 |   5878 |     72 |   1569 |   3740 |   5 | 1190.0 |
         Sewer |    330 |    330 |      0 |     77 |    199 |   1 |  330.0 |
               +--------+--------+--------+--------+--------+-----+--------+

Top non-repeatable levels by time:
     D:3: 1678 daAuts
     D:2: 1593 daAuts
     D:1: 1331 daAuts
     D:4: 1267 daAuts
   Sewer: 330 daAuts
     D:5: 79 daAuts
